 Dungeon Crawl Stone Soup version 0.25-a0-194-gece12570e2 (webtiles) character file.

Game seed: 13146844230957654503, levelgen mode: deterministic

29866 mortelune the Fencer (level 13, -6/119 HPs)
             Began as a Minotaur Monk on Nov 30, 2019.
             Was a Priest of Qazlal.
             Mangled by a slime creature (7 damage)
             ... on level 4 of the Lair of Beasts.
             The game lasted 00:35:51 (19222 turns).

mortelune the Fencer (Minotaur Monk)               Turns: 19222, Time: 00:35:51

Health: -6/119     AC: 16    Str: 25    XL:     13   Next: 17%
Magic:  19/19      EV:  9    Int:  7    God:    Qazlal [***...]
Gold:   452        SH: 12    Dex: 14    Spells: 12/12 levels left

rFire    + . .     SeeInvis .   O - +0 morningstar
rCold    . . .     Gourm    .   G - +0 shield
rNeg     . . .     Faith    .   T - +2 plate armour {rF+}
rPois    +         Spirit   .   (helmet restricted)
rElec    .         Reflect  .   M - +0 cloak
rCorr    .         Harm     .   f - +0 pair of gloves
MR       +....                  j - +1 pair of boots "Nirghy" {MR+ Str+3}
Stlth    ..........             i - amulet of the acrobat
HPRegen  0.29/turn              b - ring of poison resistance
MPRegen  0.16/turn              m - +2 ring of strength

@: about to teleport
A: retaliatory headbutt, horns 2
a: Upheaval, Elemental Force, Renounce Religion


You were on level 4 of the Lair of Beasts.
You worshipped Qazlal.
Qazlal was most pleased with you.
You were not hungry.

You visited 2 branches of the dungeon, and saw 14 of its levels.
You also visited: Volcano.

You collected 902 gold pieces.
You spent 450 gold pieces at shops.

Inventory:

Hand Weapons
 O - a +0 morningstar (weapon)
 P - a +2 scimitar
 W - a +0 arbalest of flaming
Armour
 f - a +0 pair of gloves (worn)
 j - the +1 pair of boots "Nirghy" (worn) {MR+ Str+3}
   (You acquired it on level 3 of the Lair of Beasts)

   It affects your strength (+3).
   It affects your resistance to hostile enchantments.
 x - a +0 pair of boots
 G - a +0 shield (worn)
 M - a +0 cloak (worn)
 Q - a +0 plate armour
 T - a +2 plate armour of fire resistance (worn)
Jewellery
 b - a ring of poison resistance (left hand)
 d - an uncursed amulet of the acrobat
 i - an amulet of the acrobat (around neck)
 k - an uncursed ring of protection from fire
 m - a +2 ring of strength (right hand)
 r - an uncursed ring of resist corrosion
 s - an uncursed amulet of the gourmand
 A - an uncursed amulet of faith
 K - an uncursed ring of fire
 R - an uncursed ring of fire
 S - an uncursed amulet of regeneration {unknown}
Wands
 a - a wand of flame (15)
 n - a wand of acid (13)
 u - a wand of random effects (20)
 y - a wand of iceblast (26)
 F - a wand of disintegration (7)
Scrolls
 e - 5 scrolls of magic mapping
 l - 6 scrolls of remove curse
 o - 3 scrolls of identify
 t - 2 scrolls of immolation
 z - 2 scrolls of enchant armour
 C - 4 scrolls of amnesia
 D - a scroll of teleportation
 I - 2 scrolls of fear {unknown}
 N - a scroll of random uselessness {unknown}
 Y - 2 scrolls of enchant weapon
Potions
 g - a potion of cancellation
 h - 3 potions of might
 p - 9 potions of curing
 q - a potion of invisibility
 v - a potion of resistance
 w - 3 potions of lignification
 B - 3 potions of magic
 E - 2 potions of flight
 J - a potion of heal wounds {unknown}
 L - a potion of agility {unknown}
 U - 2 potions of berserk rage {unknown}
 X - a potion of brilliance {unknown}
 Z - a potion of mutation {unknown}
Miscellaneous
 H - a phantom mirror
Comestibles
 c - 23 rations


   Skills:
 + Level 12.4 Fighting
 * Level 16.4 Long Blades
 + Level 11.5 Dodging
 - Level 2.0 Stealth
 + Level 10.1 Invocations


You had 12 spell levels left.
You didn't know any spells.
Your spell library contained the following spells:

 Spells                   Type           Power        Failure   Level  Hunger
 Animate Skeleton         Necr           N/A          100%        1    ##.....
 Apportation              Tloc           #.....       100%        1    ##.....
 Confusing Touch          Hex            #.....       100%        1    ##.....
 Flame Tongue             Conj/Fire      #....        100%        1    ##.....
 Freeze                   Ice            #...         100%        1    ##.....
 Summon Small Mammal      Summ           #...         100%        1    ##.....
 Ensorcelled Hibernation  Hex/Ice        #.....       100%        2    ###....
 Poisonous Vapours        Pois/Air       #.....       100%        2    ###....
 Throw Flame              Conj/Fire      #.....       100%        2    ###....
 Throw Frost              Conj/Ice       #.....       100%        2    ###....
 Conjure Flame            Conj/Fire      #.......     100%        3    ####...
 Inner Flame              Hex/Fire       #.......     100%        3    ####...
 Mephitic Cloud           Conj/Pois/Air  #.......     100%        3    ####...
 Ozocubu's Armour         Chrm/Ice       #.......     100%        3    ####...
 Ice Form                 Ice/Tmut       #.......     100%        4    #####..
 Sticky Flame             Conj/Fire      #.......     100%        4    #####..
 Summon Ice Beast         Ice/Summ       #.......     100%        4    #####..
 Throw Icicle             Conj/Ice       #.......     100%        4    #####..
 Borgnjor's Vile Clutch   Necr/Erth      #.........   100%        5    ######.
 Fireball                 Conj/Fire      #.........   100%        5    ######.
 Metabolic Englaciation   Hex/Ice        #.........   100%        5    ######.
 Silence                  Hex/Air        #.........   100%        5    ######.
 Bolt of Cold             Conj/Ice       #.........   100%        6    #######
 Darkness                 Hex            #.........   100%        6    #######
 Freezing Cloud           Conj/Ice/Air   #.........   100%        6    #######
 Ozocubu's Refrigeration  Ice            #.........   100%        6    #######
 Shadow Creatures         Summ           N/A          100%        6    #######
 Simulacrum               Ice/Necr       #.........   100%        6    #######
 Ring of Flames           Chrm/Fire      #.........   100%        7    #######


Dungeon Overview and Level Annotations

Branches:
Dungeon (10/15)            Temple (0/1) D:7            Lair (4/6) D:9
 Shoals (0/4) Lair:2        Snake (0/4) Lair:3          Orc (0/2) D:10
Volcano (visited)

Altars:
Ashenzari
Cheibriados
Dithmenos
Nemelex Xobeh
Qazlal
Ru
Sif Muna
Trog
Vehumet
Xom
Yredelemnul
Zin

Shops:
D:8 }   D:9 [::[=

Annotations:
D:8 2 transporters, Thantalas's ghost, novice MfTm
Lair:3 3 runed translucent doors, emiel's ghost, journeyman DsWn


Innate Abilities, Weirdness & Mutations

You reflexively headbutt those who attack you in melee.
You have a pair of horns on your head.


Message History

The five-headed hydra bites you but does no damage.
The five-headed hydra bites you!
* * * LOW HITPOINT WARNING * * *
The five-headed hydra bites you.
* * * LOW HITPOINT WARNING * * *
You block the five-headed hydra's attack.
The slime creature hits you.
* * * LOW HITPOINT WARNING * * *
As you read the scroll of teleportation, it crumbles to dust.
You feel strangely unstable.
The five-headed hydra bites you but does no damage.
The five-headed hydra bites you!
* * * LOW HITPOINT WARNING * * *
The five-headed hydra completely misses you.
The five-headed hydra bites you.
* * * LOW HITPOINT WARNING * * *
The five-headed hydra closely misses you.
A swamp worm comes into view.
The slime creature hits you!
You die...

### . ###.# ..
######..## ...
###.##....# .... ##
##P........#
.....#.##........###
...............####
#......@....###.#.##
.####.JD...## #.#..#
#...[.## #....##
#≈≈≈≈..# ##....##
≈≈≈≈≈≈≈...# #.<...#
≈w##≈≈≈...# ##....#
≈≈#≈####... ......#
≈≈≈≈≈ .>.. ....####
≈≈≈ .....#..#.


You could see a five-headed hydra, a slime creature and a swamp worm.

Vanquished Creatures
  Harold (D:7)
  Fannar (Lair:3)
  A centaur warrior (Volcano)
  3 hydras
  A two-headed ogre (D:10)
  A deep troll (D:10)
  A hell knight (Volcano)
  Pikel (D:6)
  A lindwurm (Lair:1)
  5 elephants
  6 spiny frogs
  2 black mambas
  A komodo dragon (Lair:1)
  A yaktaur (Volcano)
  9 trolls
  9 blink frogs
  3 hippogriffs (D:8)
  Sigmund (D:4)
  19 yaks
  A wyvern (Lair:1)
  7 fire bats (Volcano)
  A basilisk (Lair:3)
  A hungry ghost (D:10)
  3 vampire mosquitoes (Lair:4)
  A steam dragon (D:10)
  3 nagas
  2 wargs (D:9)
  6 water moccasins
  4 porcupines
  2 slaves (D:7)
  5 sky beasts
  4 orc warriors
  3 ice beasts
  2 phantoms
  A swamp drake (D:10)
  4 wolves (Lair:2)
  12 centaurs
  8 ogres
  3 crocodiles
  11 bullfrogs
  Blork the orc (D:3)
  5 scorpions
  17 killer bees
  6 wights
  A howler monkey (D:4)
  10 electric eels
  A crimson imp (D:10)
  2 bullfrog zombies
  3 centaur zombies (D:6)
  8 lava snakes (Volcano)
  6 orc priests
  6 orc wizards
  2 gnoll shamans
  6 hounds
  A jelly (D:10)
  2 bullfrog skeletons (D:8)
  Ijyb (D:4)
  Jessica (D:3)
  Terence (D:3)
  An iguana (D:4)
  7 worker ants
  A hound zombie (D:9)
  A hound skeleton (D:8)
  A howler monkey zombie (D:6)
  2 worker ant zombies
  13 gnolls
  A howler monkey skeleton (D:9)
  8 river rats (D:6)
  10 adders
  2 oozes
  5 worms
  2 dart slugs (D:1)
  5 leopard geckos
  33 orcs
  3 giant cockroaches
  8 goblins
  5 hobgoblins
  3 jackals
  9 kobolds
  9 quokkas
  6 bats
  4 frilled lizards
  A giant cockroach zombie (D:6)
  A jackal skeleton (D:5)
  A jackal zombie (D:6)
  2 leopard gecko zombies (D:6)
  3 quokka skeletons
  2 quokka zombies (D:6)
  18 rats
  2 butterflies (D:3)
400 creatures vanquished.

Vanquished Creatures (collateral kills)
  Urug (Lair:3)
  A big kobold (D:10)
  A kobold (D:10)
3 creatures vanquished.

Vanquished Creatures (others)
  A slave (D:7)
  An orc wizard (D:10)
  A gnoll (D:7)
  2 orcs (D:10)
  A fungus (Lair:2)
  13 plants (Lair:1)
19 creatures vanquished.

Grand Total: 422 creatures vanquished

Notes
Turn   | Place    | Note
-------+----------+-------------------------------------------
     0 | D:1      | mortelune the Minotaur Monk began the quest for the Orb.
     0 | D:1      | Reached XP level 1. HP: 19/19 MP: 0/0
   131 | D:1      | Reached XP level 2. HP: 24/27 MP: 1/1
   324 | D:1      | Found a snail-covered altar of Cheibriados.
   512 | D:2      | Reached skill level 4 in Long Blades
   512 | D:2      | Reached XP level 3. HP: 27/33 MP: 2/2
   564 | D:2      | Found a radiant altar of Vehumet.
   565 | D:2      | Found a basalt altar of Yredelemnul.
   565 | D:2      | Found a stormy altar of Qazlal.
   565 | D:2      | Found a shadowy altar of Dithmenos.
   572 | D:2      | Became a worshipper of Qazlal Stormbringer
   572 | D:2      | Reached * piety under Qazlal
   572 | D:2      | Reached ** piety under Qazlal
  1197 | D:2      | Reached XP level 4. HP: 35/40 MP: 3/3
  1431 | D:3      | Noticed Jessica
  1443 | D:3      | Killed Jessica
  1443 | D:3      | Reached skill level 1 in Invocations
  1508 | D:3      | Found a bloodstained altar of Trog.
  1509 | D:3      | Found a shimmering altar of Xom.
  1510 | D:3      | Noticed Terence
  1553 | D:3      | Noticed an ogre
  1565 | D:3      | Killed an ogre
  1565 | D:3      | Reached skill level 5 in Long Blades
  1565 | D:3      | Reached XP level 5. HP: 45/47 MP: 3/5
  1898 | D:3      | Reached XP level 6. HP: 45/55 MP: 6/6
  2156 | D:4      | Reached skill level 5 in Fighting
  2177 | D:4      | Reached skill level 6 in Long Blades
  2338 | D:4      | Noticed Sigmund
  2350 | D:5      | Entered Level 5 of the Dungeon
  2384 | D:5      | Reached *** piety under Qazlal
  2430 | D:3      | Reached XP level 7. HP: 27/61 MP: 7/7
  2849 | D:4      | Reached skill level 5 in Dodging
  2873 | D:4      | Killed Sigmund
  2873 | D:4      | Reached skill level 7 in Long Blades
  2913 | D:4      | Found a shattered altar of Ashenzari.
  3048 | D:4      | Noticed Blork the orc
  3084 | D:3      | Killed Terence
  3296 | D:3      | Killed Blork the orc
  3421 | D:4      | Reached XP level 8. HP: 67/70 MP: 9/9
  3526 | D:4      | Noticed Ijyb
  3532 | D:4      | Killed Ijyb
  3532 | D:4      | Reached skill level 8 in Long Blades
  3972 | D:5      | Found a sacrificial altar of Ru.
  4480 | D:5      | Found a shimmering blue altar of Sif Muna.
  5215 | D:5      | Reached skill level 9 in Long Blades
  5557 | D:6      | Reached **** piety under Qazlal
  5935 | D:6      | Reached XP level 9. HP: 61/79 MP: 11/11
  6267 | D:6      | Reached skill level 5 in Invocations
  6437 | D:7      | Noticed Harold
  6437 | D:7      | Noticed Pikel
  6449 | D:6      | Killed Pikel
  6449 | D:6      | Reached skill level 10 in Long Blades
  6540 | D:7      | Killed Harold
  6540 | D:7      | Reached skill level 11 in Long Blades
  6777 | D:7      | Identified the +8 plate armour "Xuzisoeh" {*Contam rN+
                  | Int+4}
  6935 | D:7      | Reached ***** piety under Qazlal
  6951 | D:7      | Found a staircase to the Ecumenical Temple.
  7471 | D:8      | Reached XP level 10. HP: 90/90 MP: 13/13
  7897 | D:8      | Found a transporter.
  7901 | D:8      | Identified the +7 battleaxe of Wyrd {venom, Str+4}
  7901 | D:8      | Noticed Thantalas's ghost (novice MfTm)
  7912 | D:8      | Noticed a moth of wrath
  7982 | D:8      | Found Huklas's Gadget Shoppe.
  7990 | D:8      | Bought a phantom mirror for 360 gold pieces
  7990 | D:8      | Found a transporter.
  8008 | D:8      | Found a bloodstained altar of Trog.
  8141 | D:8      | Reached skill level 12 in Long Blades
  8612 | D:9      | Found Axatin's Jewellery Shop.
  8926 | D:9      | Found Xastrie's Book Shoppe.
  8974 | D:9      | Found Loow's Antique Armour Shop.
  9196 | D:9      | Found a staircase to the Lair.
  9221 | D:9      | Found Usireug's Book Emporium.
  9439 | D:9      | Found a sparkling altar of Nemelex Xobeh.
  9515 | D:9      | Found Yhyi's Armour Shop.
  9619 | D:9      | Found Zin's Purification Station.
  9623 | D:9      | Found a glowing silver altar of Zin.
  9626 | D:9      | Bought a potion of curing for 90 gold pieces
  9700 | D:10     | Entered Level 10 of the Dungeon
  9706 | D:10     | Noticed a two-headed ogre
  9709 | D:10     | Killed a two-headed ogre
  9931 | D:10     | Reached XP level 11. HP: 71/99 MP: 15/15
 10002 | D:10     | Reached skill level 13 in Long Blades
 10034 | D:10     | Reached skill level 10 in Fighting
 10643 | D:10     | Found a staircase to the Orcish Mines.
 10792 | D:10     | Noticed a deep troll
 10794 | D:10     | Noticed a deep troll
 11620 | D:10     | Killed a deep troll
 12234 | Lair:1   | Entered Level 1 of the Lair of Beasts
 12242 | Lair:1   | Noticed a four-headed hydra
 12250 | Lair:1   | Killed a four-headed hydra
 12250 | Lair:1   | Reached skill level 14 in Long Blades
 12278 | Lair:1   | Noticed a lindwurm
 12291 | Lair:1   | Killed a lindwurm
 12296 | Lair:1   | Found a dark tunnel.
 12331 | Volcano  | Entered a volcano
 12474 | Volcano  | Reached skill level 10 in Dodging
 12811 | Volcano  | Noticed a hell knight
 12817 | Volcano  | Noticed a centaur warrior
 12834 | Volcano  | Killed a centaur warrior
 12834 | Volcano  | Reached XP level 12. HP: 98/110 MP: 17/17
 13107 | Volcano  | Found a burning altar of Makhleb.
 14204 | Lair:1   | Reached skill level 15 in Long Blades
 15272 | Lair:2   | Found a staircase to the Shoals.
 15808 | Lair:2   | Noticed a five-headed hydra
 15814 | Lair:2   | Killed a five-headed hydra
 17024 | Lair:3   | Noticed Urug
 17265 | Lair:3   | Noticed an eight-headed hydra
 17270 | Lair:3   | Killed an eight-headed hydra
 17270 | Lair:3   | Reached skill level 16 in Long Blades
 17298 | Lair:3   | Reached XP level 13. HP: 76/118 MP: 10/19
 17322 | Lair:3   | Noticed Fannar
 17737 | Lair:3   | Found a runed translucent gate.
 17738 | Lair:3   | Found a runed translucent gate.
 17739 | Lair:3   | Found a runed translucent gate.
 17778 | Lair:3   | Killed Fannar
 17778 | Lair:3   | Reached skill level 10 in Invocations
 18287 | Lair:3   | Killed Urug
 18698 | Lair:3   | Found a staircase to the Snake Pit.
 18766 | Lair:3   | Noticed emiel's ghost (journeyman DsWn)
 19135 | Lair:3   | Identified a scroll of acquirement
 19149 | Lair:3   | Got a pair of steaming boots
 19160 | Lair:3   | Identified the +1 pair of boots "Nirghy" {MR+ Str+3} (You
                  | acquired it on level 3 of the Lair of Beasts)
 19222 | Lair:4   | HP: 2/119 [five-headed hydra (9)]
 19222 | Lair:4   | Mangled by a slime creature

Levels and vault maps discovered:
D:1:      scummos_arrival_star, layout_rooms, cheibriados_altar_1
D:2:      layout_basic, chequers_temple_overflow_statue_of_worship,
          grunt_decor_one_mirror
D:3:      layout_basic, nicolae_overflow_hidden_temple, xom_butterflies,
          uniq_jessica, uniq_terence
D:4:      layout_basic, kennysheep_mini, uniq_sigmund, uniq_blork_the_orc,
          uniq_ijyb
D:5:      layout_layer_cave, led_sif_pool, nicolae_ru_sacrificial_ziggurat,
          first_ration
D:6:      lemuel_ratsnest, layout_cave_pools, serial_undead, serial_undead_f,
          serial_undead_d, serial_undead_d, serial_undead_c, serial_undead_b,
          serial_undead_c, serial_undead_a
D:7:      layout_cave_pools, minmay_temple_entry_hall, uniq_harold, uniq_pikel
D:8:      layout_basic, gammafunk_ghost_wrathful_warriors, serial_shops, shop
D:9:      layout_stronghold, zin_purify, nemelex_altar_shiori,
          erik_lair_orcish_takeover, serial_shops, shop, shop,
          nicolae_shop_crystal, shop, shop
D:10:     lemuel_troll_bridge, layout_small_grid, erik_orc_1
Lair:1:   layout_roguey, serial_bayou, serial_bayou_crossing,
          serial_bayou_lake_a, serial_bayou_pond_d, serial_bayou_lagoon_a,
          nicolae_volcano_entry_vermiform, chequers_serial_rivers_micro_d
Lair:2:   layout_gridlike, minmay_shoals_entry_centaurs,
          eino_small_chamber_without_monster
Lair:3:   layout_misc_corridors, guppyfry_snake_entry_island,
          gammafunk_ghost_necromancy, grunt_megastairs_1, uniq_urug, uniq_fannar
Lair:4:   onia_ninara_swampy_vault, layout_cave_pods, lemuel_fruit_tree

Skill      XL: |  1  2  3  4  5  6  7  8  9 10 11 12 13 |
---------------+----------------------------------------+-----
Fighting       | 4 5 6 7 8 9 11 12 | 12.4
Stealth        | 2 |  2.0
Long Blades    | 4 5 6 7 9 11 12 14 16 | 16.4
Dodging        | 4 5 6 7 9 10 11 | 11.5
Invocations    | 1 2 3 4 6 7 8 9 10 | 10.1

Action                   |  1- 3 |  4- 6 |  7- 9 | 10-12 | 13-15 || total
-------------------------+-------+-------+-------+-------+-------++-------
Melee: Falchion          |    75 |    97 |   293 |   136 |       ||   601
       Headbutt          |    16 |    18 |    94 |   193 |    23 ||   344
       Scimitar          |       |       |       |   562 |    75 ||   637
       Morningstar       |       |       |       |       |     5 ||     5
Invok: Upheaval          |       |       |     2 |    16 |       ||    18
       Elemental Force   |       |       |       |     1 |     1 ||     2
  Use: Scroll            |       |       |    15 |     6 |     8 ||    29
       Potion            |       |       |       |       |     1 ||     1
 Stab: Sleeping          |     2 |       |       |       |       ||     2
  Eat: Chunk             |       |     5 |    12 |    18 |     2 ||    37
       Ration            |       |       |     1 |     5 |     1 ||     7
Armor: Robe              |     4 |       |       |       |       ||     4
       Scale mail        |    19 |    25 |    59 |       |       ||   103
       Chain mail        |       |       |     1 |    70 |       ||    71
       Plate armour      |       |       |       |   147 |    29 ||   176
Dodge: Dodged            |    43 |    90 |   175 |   350 |    37 ||   695
       Deflected         |       |       |     3 |    24 |     3 ||    30
Block: Other             |     3 |     9 |    50 |    98 |       ||   160
       Shield            |       |       |       |   215 |    53 ||   268
       Rpst.: Falchion   |    11 |    17 |    66 |    18 |       ||   112
       Scimitar          |       |       |       |    54 |     6 ||    60

Table legend:
 A = Non-vault XP
 B = Vault XP
 C = Vault XP percentage of total XP
 D = Non-vault monster count
 E = Vault monster count
 F = Vault count percentage of total count
                 A         B        C        D         E       F
            +---------+---------+-------+---------+---------+-------
      Total |   25862 |   16804 |  39.4 |     284 |     116 |  29.0
            +---------+---------+-------+---------+---------+-------
        D:1 |      29 |       0 |   0.0 |      16 |       0 |   0.0
        D:2 |      81 |       0 |   0.0 |      17 |       0 |   0.0
        D:3 |     312 |     155 |  33.2 |      23 |       3 |  11.5
        D:4 |     618 |     265 |  30.0 |      21 |       2 |   8.7
        D:5 |     429 |       1 |   0.2 |      16 |       1 |   5.9
        D:6 |     836 |    1048 |  55.6 |      17 |      38 |  69.1
        D:7 |     686 |    1007 |  59.5 |      16 |       1 |   5.9
        D:8 |    2156 |       0 |   0.0 |      23 |       0 |   0.0
        D:9 |    1077 |     896 |  45.4 |      29 |       9 |  23.7
       D:10 |    3357 |    4000 |  54.4 |      40 |      25 |  38.5
     Lair:1 |    7001 |     630 |   8.3 |      31 |       1 |   3.1
     Lair:2 |    5855 |     790 |  11.9 |      20 |       6 |  23.1
     Lair:3 |    3329 |    3406 |  50.6 |      14 |       7 |  33.3
     Lair:4 |      96 |     532 |  84.7 |       1 |       3 |  75.0
    Volcano |       0 |    4074 | 100.0 |       0 |      20 | 100.0
            +---------+---------+-------+---------+---------+-------
